 Dungeon Crawl Stone Soup version 0.31-a0-596-g831eee08f1 (webtiles) character file.

Game seed: 10959158004276593156

103 BubbleThief the Ruffian (level 4, -2/29 HPs)
             Began as an Octopode Shapeshifter on Aug 20, 2023.
             Killed from afar by an orc wizard (12 damage)
             ... with a puff of flame
             ... on level 2 of the Dungeon.
             The game lasted 00:03:07 (1183 turns).

BubbleThief the Ruffian (Octopode Shapeshifter)     Turns: 1183, Time: 00:03:07

Health: -2/29      AC:  1    Str: 16    XL:     4   Next: 79%
Magic:  4/4        EV: 13    Int: 16    God:
Gold:   130        SH:  0    Dex: 12    Spells: 3/3 levels left

rFire   . .          .
                       - Unarmed
rCold   . . .        (no shield)
rNeg    . . .        (helmet currently unavailable)
rPois   .            (no amulet)
rElec   .            f - +6 ring of intelligence
rCorr   .            (no ring)
SInv    .            (no ring)
Will    .....        (no ring)
Stlth   ++           (no ring)
HPRegen 0.24/turn    (no ring)
MPRegen 0.09/turn    (no ring)
                     (no ring)

%: no passive effects
@: beast-form
A: beast (slay +2), almost no armour, amphibious, 8 rings, camouflage 1,
gelatinous body 1, (nimble swimmer 1), tentacles
a: Begin Untransformation


You were on level 2 of the Dungeon.
You were a hulking beast.
You visited 1 branch of the dungeon, and saw 2 of its levels.

You collected 130 gold pieces.

Inventory:

Armour
 k - a +2 hat
Jewellery
 f - a +6 ring of intelligence (left tentacle)
Talismans
 b - a beast talisman (active)
 c - a flux talisman
Scrolls
 g - a scroll of enchant armour {unknown}
 h - 2 scrolls of identify {unknown}
 m - a scroll of fog {unknown}
 n - a scroll of immolation {unknown}
Potions
 a - a potion of lignification
 d - 2 potions of haste {unknown}
 e - a potion of attraction {unknown}
 i - a potion of mutation {unknown}
 j - a potion of heal wounds {unknown}
 l - a potion of curing {unknown}


   Skills:
 + Level 2.2 Fighting
 + Level 2.9 Dodging
 + Level 3.7 Unarmed Combat
 + Level 3.4 Shapeshifting


You had 3 spell levels left.
You didn't know any spells.
Your spell library was empty.

Dungeon Overview and Level Annotations

Branches:
Dungeon (2/15)

Altars:

Shops:
D:1 **::


Innate Abilities, Weirdness & Mutations

You are a hulking beast.
Your limbs bulge with bestial killing power. (Slay +2)
You cannot wear most types of armour.
You are amphibious.
You can wear up to eight rings at the same time.
Your skin changes colour to match your surroundings (Stealth+).
Your rubbery body absorbs attacks. (AC +1, EV +1)
((You are camouflaged when in or above water. (Stealth+)))
You have tentacles for arms and can constrict up to eight enemies at once.


Message History

You tentacle-slap the orc.
The orc is severely wounded.
You constrict the orc.
You kill the orc!
You tentacle-slap the orc priest but do no damage.
You grab the orc priest.
You squeeze the orc priest, but do no damage.
You constrict the orc priest, but do no damage.
The orc priest hits you with a +0 hand axe.
You tentacle-slap the orc priest but do no damage.
You constrict the orc priest, but do no damage.
The orc priest begins to cast a cantrip, but forgets the words!
You tentacle-slap the orc priest but do no damage.
You constrict the orc priest.
The orc priest mumbles some strange prayers to Beogh against you.
Beogh smites you!
You tentacle-slap the orc priest.
The orc priest is heavily wounded.
You constrict the orc priest.
The orc priest hits you with a +0 hand axe.
You tentacle-slap the orc priest.
You tentacle-slap the orc priest, but do no damage.
The orc priest is severely wounded.
You constrict the orc priest, but do no damage.
The orc priest invokes the aid of Beogh against you.
Pain shoots through your body!
You are too injured to fight recklessly!
You are too injured to fight recklessly!
You are too injured to fight recklessly!
You tentacle-slap the orc priest but do no damage.
The orc priest is severely wounded.
You constrict the orc priest. You bludgeon the orc priest!
You kill the orc priest!
You tentacle-slap the orc wizard. You grab the orc wizard.
The orc wizard is moderately wounded.
You constrict the orc wizard, but do no damage.
The orc wizard points at you and mumbles some strange words.
The puff of flame hits you!
You die...

### ..# ############ #..
.....ooh...# #.#
##..######.# #.# #..# #.#
.... #.####..# #.#
.....#.......# #.#
ooo#.#.####.## ##.##
.....#.####.# #...#
....##....#.## #...#
o⌠o###.##...[#####...####


You could see an orc wizard and an orc.

Vanquished Creatures
  An orc priest (D:2)
  An adder (D:2)
  2 worms (D:2)
  2 dart slugs
  An orc (D:2)
  7 ball pythons
  6 endoplasms
  4 giant cockroaches (D:1)
  A goblin (D:2)
  4 hobgoblins
  6 quokkas
  4 bats
  A frilled lizard (D:1)
  6 kobolds
  4 rats
50 creatures vanquished.

Notes
Turn   | Place    | Note
-------+----------+-------------------------------------------
     0 | D:1      | BubbleThief the Octopode Shapeshifter began the quest for
                  | the Orb.
     0 | D:1      | Reached XP level 1. HP: 13/13 MP: 1/1
   140 | D:1      | Reached XP level 2. HP: 18/18 MP: 2/2
   143 | D:1      | Found Atawno's Book Shop.
   159 | D:1      | Found Umulymp's General Store.
   339 | D:1      | Reached XP level 3. HP: 22/23 MP: 3/3
   394 | D:1      | Found a faded altar of an unknown god.
   474 | D:1      | Found Nukaeres's Assorted Antiques.
   597 | D:1      | Found Soduan's Book Shoppe.
   766 | D:2      | Reached XP level 4. HP: 29/29 MP: 4/4
  1183 | D:2      | Killed from afar by an orc wizard

Illustrated notes

Levels and vault maps discovered:
D:1:      shiori_shiawase, layout_loops_cross,
          shapermc_ecumenical_altar_totnotflames, serial_shops, shop,
          nicolae_shop_advertising_works [nicolae_subvault_shop_adworks], shop,
          shop, chequers_serial_rivers_micro_e
D:2:      cheibrodos_pilgrimage, layout_loops_ring

Skill      XL: |  1  2  3 |
---------------+----------+-----
Fighting       | 2 |  2.2
Dodging        | |  2.9
Unarmed Combat | |  3.7
Shapeshifting  | |  3.4

Action                     |  1- 3 |  4- 6 || total
---------------------------+-------+-------++-------
  Melee: Unarmed           |    64 |    31 ||    95
         Constrict         |    17 |     8 ||    25
         Tentacles         |    10 |     4 ||    14
         Punch             |     1 |     1 ||     2
   Stab: Sleeping          |    12 |     1 ||    13
 Armour: Skin              |     3 |     1 ||     4
  Dodge: Dodged            |    29 |    11 ||    40

Table legend: (Time is in decaauts)
 A = Elapsed time spent in this place.
 B = Non-inter-level travel time spent in this place.
 C = Inter-level travel time spent in this place.
 D = Time resting spent in this place.
 E = Time spent auto-exploring this place.
 F = Levels seen in this place.
 G = Mean time per level.
                   A        B        C        D        E       F      G
               +--------+--------+--------+--------+--------+-----+--------+
         Total |   1177 |   1159 |     18 |      0 |    853 |   2 |  588.5 |
       Dungeon |   1177 |   1159 |     18 |      0 |    853 |   2 |  588.5 |
               +--------+--------+--------+--------+--------+-----+--------+

Top non-repeatable levels by time:
     D:1: 667 daAuts
     D:2: 509 daAuts
